Workbook

Sheet March 2015
A1: Check Number | C1: Check Date | D1: Vendor Name | F1: Transaction Amount | T1: Description | U1: Account Name | V1: Department | W1: Division | X1: Object of Expenditure | Y1: Project Number
A2: 414735 | C2: 42066 | D2: BOB TOMES FORD | F2: 323.58 | T2: BLANKET PURCHASE ORDER | U2: AUTO MAINTENANCE | V2: EQUIPMENT SERVICES | W2: EQUIP SERV-SHARED | X2: BLANKET PURCHASE ORDER
A6: 415155 | C6: 42073 | F6: 2490.62 | T6: BLANKET PURCHASE ORDER | U6: AUTO MAINTENANCE | V6: EQUIPMENT SERVICES | W6: EQUIP SERV-SHARED | X6: BLANKET PURCHASE ORDER
A11: 415556 | C11: 42080 | F11: 1825.63 | T11: BLANKET PURCHASE ORDER | U11: AUTO MAINTENANCE | V11: EQUIPMENT SERVICES | W11: EQUIP SERV-SHARED | X11: BLANKET PURCHASE ORDER
F17: -225 | T17: INV# 5415909 | U17: AUTO MAINTENANCE | V17: EQUIPMENT SERVICES | W17: EQUIP SERV-SHARED | X17: INV# 5415909
F18: -225 | T18: INV# 5415989 | U18: AUTO MAINTENANCE | V18: EQUIPMENT SERVICES | W18: EQUIP SERV-SHARED | X18: INV# 5415989
F19: -50 | T19: INV# 5416340 | U19: AUTO MAINTENANCE | V19: EQUIPMENT SERVICES | W19: EQUIP SERV-SHARED | X19: INV# 5416340
F20: -100 | T20: INV# 5417557 | U20: AUTO MAINTENANCE | V20: EQUIPMENT SERVICES | W20: EQUIP SERV-SHARED | X20: INV# 5417557
A21: 415953 | C21: 42094 | F21: 545.09 | T21: BLANKET PURCHASE ORDER | U21: AUTO MAINTENANCE | V21: EQUIPMENT SERVICES | W21: EQUIP SERV-SHARED | X21: BLANKET PURCHASE ORDER
L32: =SUM(hList_Frame_1!B1:B29) -> 4584.92
A34: 415156 | C34: 42073 | D34: BOB BARKER CO | F34: 1233.6 | T34: CLOTHING AND APPAREL | U34: DETENTION SUPPLIES | V34: SHERIFF'S OFFICE | W34: JAIL OPS-ADMIN | X34: CLOTHING AND APPAREL
F36: 1561.24 | T36: OFFICE SUPPLIES (GENERAL) | U36: DETENTION SUPPLIES | V36: SHERIFF'S OFFICE | W36: JAIL OPS-ADMIN | X36: OFFICE SUPPLIES (GENERAL)
A37: 415557 | C37: 42080 | F37: 9218.4 | T37: CLOTHING AND APPAREL | U37: DETENTION SUPPLIES | V37: SHERIFF'S OFFICE | W37: JAIL OPS-ADMIN | X37: CLOTHING AND APPAREL
A38: 415954 | C38: 42094 | F38: 1089.84 | T38: CLOTHING AND APPAREL | U38: DETENTION SUPPLIES | V38: JUVENILE PROBATION | W38: JUV DET -ADMIN | X38: CLOTHING AND APPAREL
V40: SHERIFF'S OFFICE | W40: JAIL OPS-ADMIN
F41: 78.9 | T41: PERSONAL HYGIENE&GROOMING | U41: DETENTION SUPPLIES | V41: JUVENILE PROBATION | W41: JUV DET -ADMIN | X41: PERSONAL HYGIENE&GROOMING
F42: 246 | T42: TEXTILES/FIBERS/LINENS | U42: DETENTION SUPPLIES | V42: JUVENILE PROBATION | W42: JUV DET -ADMIN | X42: TEXTILES/FIBERS/LINENS
J44: =SUM(hList_Frame_1!B30:B38) -> 13427.98
A46: 415955 | C46: 42094 | D46: ECOLAB INC | F46: 1692 | T46: GERMICIDES-HOSP./SANITARY | U46: ANIMAL CARE | V46: ANIMAL SHELTER | W46: ANIMAL SHELTER-ADMIN | X46: GERMICIDES-HOSP./SANITARY
L48: =SUM(hList_Frame_1!B39:B39) -> 1692
A50: 415956 | C50: 42094 | D50: FARMERSVILLE AUTO SUPPLY | F50: 19.54 | T50: BLANKET PURCHASE ORDER | U50: AUTO MAINTENANCE | V50: EQUIPMENT SERVICES | W50: EQUIP SERV-SHARED | X50: BLANKET PURCHASE ORDER
Q52: =SUM(hList_Frame_1!B40:B40) -> 19.54
A54: 415957 | C54: 42094 | D54: GIBBS, GREGG M PC | F54: 2034.38 | T54: 380-51444-08 | U54: COURT APPOINTED ATTORNEY | V54: INDIGENT DEFENSE | W54: INDIGENT DEFENSE | X54: 380-51444-08 | Y54: ID380A
F55: 8908.31 | T55: 417-30128-13 | U55: COURT APPOINTED ATTORNEY | V55: INDIGENT DEFENSE | W55: INDIGENT DEFENSE | X55: 417-30128-13 | Y55: ID417A
U56: MISCELLANEOUS | V56: INDIGENT DEFENSE | W56: INDIGENT DEFENSE | Y56: ID417A
J58: =SUM(hList_Frame_1!B41:B43) -> 10942.69
A60: 415558 | C60: 42080 | D60: HEIDENHEIMER, MARK | F60: 2600 | T60: 004-87740-14 | U60: COURT APPOINTED ATTORNEY | V60: INDIGENT DEFENSE | W60: INDIGENT DEFENSE | X60: 004-87740-14 | Y60: IDCL4M
A61: 415958 | C61: 42094 | F61: 450 | T61: 001-87771-14 | U61: COURT APPOINTED ATTORNEY | V61: INDIGENT DEFENSE | W61: INDIGENT DEFENSE | X61: 001-87771-14 | Y61: IDCL1M
F62: 450 | T62: 005-87571-14 | U62: COURT APPOINTED ATTORNEY | V62: INDIGENT DEFENSE | W62: INDIGENT DEFENSE | X62: 005-87571-14 | Y62: IDCL5N
L64: =SUM(hList_Frame_1!B44:B46) -> 3500
A66: 414736 | C66: 42066 | D66: POLLOCK PAPER DISTRIBUTORS | F66: 393.6 | T66: JANITORIAL SUPPLIES-GEN. | U66: JANITORIAL SUPPLIES | V66: SHERIFF'S OFFICE | W66: JAIL OPS-ADMIN | X66: JANITORIAL SUPPLIES-GEN.
F67: 6396 | T67: PAPER/PLASTIC, DISPOSABLE | U67: JANITORIAL SUPPLIES | V67: SHERIFF'S OFFICE | W67: JAIL OPS-ADMIN | X67: PAPER/PLASTIC, DISPOSABLE
A68: 415959 | C68: 42094 | F68: 319.8 | T68: SUPPLIES | U68: JANITORIAL SUPPLIES | V68: JUVENILE PROBATION | W68: JUV DET -ADMIN | X68: SUPPLIES
L70: =SUM(hList_Frame_1!B47:B49) -> 7109.4
A72: 415960 | C72: 42094 | D72: ST MARY'S LAW JOURNAL | F72: 40 | T72: MISC PROFESSIONAL SERVICE | U72: LIBRARY UPDATES | V72: BUDGET | W72: LAW LIBRARY-ADMIN | X72: MISC PROFESSIONAL SERVICE
Q74: =SUM(hList_Frame_1!B50:B50) -> 40
A76: 415157 | C76: 42073 | D76: THOMASON TIRE INC | F76: 634.95 | T76: BLANKET PURCHASE ORDER | U76: AUTO MAINTENANCE | V76: EQUIPMENT SERVICES | W76: EQUIP SERV-SHARED | X76: BLANKET PURCHASE ORDER
F82: 450 | T82: TIRES AND TUBES | U82: PARTS | X82: TIRES AND TUBES
A83: 415961 | C83: 42094 | F83: 315 | T83: BLANKET PURCHASE ORDER | U83: HEAVY EQUIPMENT REPAIR | V83: EQUIPMENT SERVICES | W83: EQUIP SERV-SHARED | X83: BLANKET PURCHASE ORDER
L87: =SUM(hList_Frame_1!B51:B60) -> 1399.95
A89: 415962 | C89: 42094 | D89: TEKNI KUT CORP | F89: 42.5 | T89: HAND TOOLS-NOT CLASSIFIED | U89: SMALL TOOLS | V89: FACILITIES & PARKS | W89: BUILD SUP - ADMIN | X89: HAND TOOLS-NOT CLASSIFIED
Q91: =SUM(hList_Frame_1!B61:B61) -> 42.5
A93: 414737 | C93: 42066 | D93: WEST PUBLISHING CORPORATION | F93: 3376.01 | T93: MISC PROFESSIONAL SERVICE | U93: LIBRARY BOOKS | V93: DISTRICT ATTORNEY | W93: DA-ADMIN | X93: MISC PROFESSIONAL SERVICE
F95: 9222.89 | T95: PUBLICATIONS/AUDIOVISUALS | U95: COMMUNICATION LINE LEASE | V95: BUDGET | W95: LAW LIBRARY-ADMIN | X95: PUBLICATIONS/AUDIOVISUALS
U96: DUES & SUBSCRIPTIONS | V96: UNALLOCATED | W96: NON-DEPARTMENTAL
U97: LIBRARY UPDATES | V97: BUDGET | W97: LAW LIBRARY-ADMIN
A98: 415158 | C98: 42073 | F98: 82 | T98: PUBLICATIONS/AUDIOVISUALS | U98: DUES & SUBSCRIPTIONS | V98: UNALLOCATED | W98: NON-DEPARTMENTAL | X98: PUBLICATIONS/AUDIOVISUALS
A100: 415559 | C100: 42080 | F100: 3412.08 | T100: MISC PROFESSIONAL SERVICE | U100: LIBRARY BOOKS | V100: DISTRICT ATTORNEY | W100: DA-ADMIN | X100: MISC PROFESSIONAL SERVICE
F102: 55 | T102: PUBLICATIONS/AUDIOVISUALS | U102: DUES & SUBSCRIPTIONS | V102: UNALLOCATED | W102: NON-DEPARTMENTAL | X102: PUBLICATIONS/AUDIOVISUALS
A103: 415963 | C103: 42094 | F103: 14207.19 | T103: MISC PROFESSIONAL SERVICE | U103: COMMUNICATION LINE LEASE | V103: BUDGET | W103: LAW LIBRARY-ADMIN | X103: MISC PROFESSIONAL SERVICE
U104: LIBRARY BOOKS | V104: BUDGET | W104: LAW LIBRARY-ADMIN
U105: LIBRARY UPDATES | V105: BUDGET | W105: LAW LIBRARY-ADMIN
J107: =SUM(hList_Frame_1!B62:B74) -> 30355.17
A109: 414738 | C109: 42066 | D109: PLANO POWER EQUIPMENT | F109: 230.58 | T109: AGRI. IMPLEMENTS & PARTS | U109: PARTS | X109: AGRI. IMPLEMENTS & PARTS
F110: 33.59 | T110: AUTO/TRUCK MAINT. ITEMS | U110: PARTS | X110: AUTO/TRUCK MAINT. ITEMS
F111: 58.32 | T111: FUEL/OIL/GREASE/LUBRICANT | U111: PARTS | X111: FUEL/OIL/GREASE/LUBRICANT
F112: 184.5 | T112: LAWN & GROUNDS EQUIPMENT | U112: PARTS | X112: LAWN & GROUNDS EQUIPMENT
A113: 415560 | C113: 42080 | F113: 98.44 | T113: AGRI. IMPLEMENTS & PARTS | U113: PARTS | X113: AGRI. IMPLEMENTS & PARTS
F114: 51.32 | T114: FUEL/OIL/GREASE/LUBRICANT | U114: PARTS | X114: FUEL/OIL/GREASE/LUBRICANT
F115: 41.4 | T115: LAWN & GROUNDS EQUIPMENT | U115: PARTS | X115: LAWN & GROUNDS EQUIPMENT
O117: =SUM(hList_Frame_1!B75:B81) -> 698.15
A119: 414739 | C119: 42066 | D119: GEBO CREDIT CORPORATION | F119: 12.34 | T119: BLANKET PURCHASE ORDER | U119: AUTO MAINTENANCE | V119: EQUIPMENT SERVICES | W119: EQUIP SERV-SHARED | X119: BLANKET PURCHASE ORDER
F121: 4.69 | T121: HOSE-EXCPT AUTO/FIRE/WELD | U121: PARTS | X121: HOSE-EXCPT AUTO/FIRE/WELD
F122: 2.39 | T122: PLUMBING EQUIP./SUPPLIES | U122: PARTS | X122: PLUMBING EQUIP./SUPPLIES
A123: 415159 | C123: 42073 | F123: 25.13 | T123: BLANKET PURCHASE ORDER | U123: HEAVY EQUIPMENT REPAIR | V123: EQUIPMENT SERVICES | W123: EQUIP SERV-SHARED | X123: BLANKET PURCHASE ORDER
F125: 200 | T125: SHOES AND BOOTS | U125: UNIFORMS | V125: EQUIPMENT SERVICES | W125: EQUIP SERV-ADMIN | X125: SHOES AND BOOTS
A127: 415160 | C127: 42073 | F127: 37.92 | T127: BLANKET PURCHASE ORDER | U127: AUTO MAINTENANCE | V127: EQUIPMENT SERVICES | W127: EQUIP SERV-SHARED | X127: BLANKET PURCHASE ORDER
A129: 415561 | C129: 42080 | F129: 5.58 | T129: PLUMBING EQUIP./SUPPLIES | U129: PARTS | X129: PLUMBING EQUIP./SUPPLIES
A130: 415964 | C130: 42094 | F130: 72.14 | T130: BLANKET PURCHASE ORDER | U130: AUTO MAINTENANCE | V130: EQUIPMENT SERVICES | W130: EQUIP SERV-SHARED | X130: BLANKET PURCHASE ORDER
U131: ROAD SUPPLIES | V131: PUBLIC WORKS | W131: R&B - ADMIN
U132: SMALL TOOLS | V132: PUBLIC WORKS | W132: R&B - ADMIN
F133: 299.97 | T133: ROADSIDE/GROUND/PARK SERV | U133: MAJOR ROAD CONSTRUCTION | V133: PUBLIC WORKS | W133: R&B - ADMIN | X133: ROADSIDE/GROUND/PARK SERV
F134: 79.98 | T134: SHOES AND BOOTS | U134: UNIFORMS | V134: EQUIPMENT SERVICES | W134: EQUIP SERV-ADMIN | X134: SHOES AND BOOTS
O136: =SUM(hList_Frame_1!B82:B97) -> 740.14
A138: 414740 | C138: 42066 | D138: BEN E KEITH CO | F138: 32.39 | T138: ABRASIVES | U138: JAIL FOOD | X138: ABRASIVES
F139: 5177.57 | T139: EDIBLE FOODS, STAPLE | U139: FOOD SUPPLIES | V139: JUVENILE PROBATION | W139: JUV DET -ADMIN | X139: EDIBLE FOODS, STAPLE
U140: JAIL FOOD
U142: MINIMUM SECURITY FOOD
F144: 996.36 | T144: FOODS, PERISHABLE | U144: JAIL FOOD | X144: FOODS, PERISHABLE
U145: MINIMUM SECURITY FOOD
F147: 714.67 | T147: FOODS, READY-TO-EAT | U147: JAIL FOOD | X147: FOODS, READY-TO-EAT
U149: MINIMUM SECURITY FOOD
A151: 415161 | C151: 42073 | F151: 9.81 | T151: CAFETERIA/KITCHEN EQUIP. | U151: MINIMUM SECURITY FOOD | X151: CAFETERIA/KITCHEN EQUIP.
F152: 1463.21 | T152: EDIBLE FOODS, STAPLE | U152: JAIL FOOD | X152: EDIBLE FOODS, STAPLE
U153: MINIMUM SECURITY FOOD
F154: 803.83 | T154: FOODS, PERISHABLE | U154: MINIMUM SECURITY FOOD | X154: FOODS, PERISHABLE
F155: 289.88 | T155: FOODS, READY-TO-EAT | U155: MINIMUM SECURITY FOOD | X155: FOODS, READY-TO-EAT
A156: 415562 | C156: 42080 | F156: 2971.99 | T156: EDIBLE FOODS, STAPLE | U156: FOOD SUPPLIES | V156: SHERIFF'S OFFICE | W156: JAIL OPS-ADMIN | X156: EDIBLE FOODS, STAPLE
U158: JAIL FOOD
U159: MINIMUM SECURITY FOOD
F160: 416.5 | T160: FOODS, PERISHABLE | U160: MINIMUM SECURITY FOOD | X160: FOODS, PERISHABLE
F161: 357.73 | T161: FOODS, READY-TO-EAT | U161: JAIL FOOD | X161: FOODS, READY-TO-EAT
U162: MINIMUM SECURITY FOOD
A163: 415966 | C163: 42094 | F163: 4.99 | T163: CAFETERIA/KITCHEN EQUIP. | U163: MINIMUM SECURITY FOOD | X163: CAFETERIA/KITCHEN EQUIP.
F164: 3724.68 | T164: EDIBLE FOODS, STAPLE | U164: JAIL FOOD | X164: EDIBLE FOODS, STAPLE
U166: MINIMUM SECURITY FOOD
F168: 10.37 | T168: FOODS, DAIRY PROD., FRESH | U168: JAIL FOOD | X168: FOODS, DAIRY PROD., FRESH
F169: 1207.29 | T169: FOODS, PERISHABLE | U169: JAIL FOOD | X169: FOODS, PERISHABLE
U170: MINIMUM SECURITY FOOD
F172: 394.9 | T172: FOODS, READY-TO-EAT | U172: JAIL FOOD | X172: FOODS, READY-TO-EAT
...

Sheet hList_Frame_1
A1: =IF(ISBLANK('March 2015'!A2),"",IF(ISTEXT('March 2015'!A2),0,'March 2015'!A2)) -> 414735 | B1: =IF(ISBLANK('March 2015'!F2),"",IF(ISTEXT('March 2015'!F2),0,'March 2015'!F2)) -> 323.58
A2: =IF(ISBLANK('March 2015'!A3),"",IF(ISTEXT('March 2015'!A3),0,'March 2015'!A3)) | B2: =IF(ISBLANK('March 2015'!F3),"",IF(ISTEXT('March 2015'!F3),0,'March 2015'!F3))
A3: =IF(ISBLANK('March 2015'!A4),"",IF(ISTEXT('March 2015'!A4),0,'March 2015'!A4)) | B3: =IF(ISBLANK('March 2015'!F4),"",IF(ISTEXT('March 2015'!F4),0,'March 2015'!F4))
A4: =IF(ISBLANK('March 2015'!A5),"",IF(ISTEXT('March 2015'!A5),0,'March 2015'!A5)) | B4: =IF(ISBLANK('March 2015'!F5),"",IF(ISTEXT('March 2015'!F5),0,'March 2015'!F5))
A5: =IF(ISBLANK('March 2015'!A6),"",IF(ISTEXT('March 2015'!A6),0,'March 2015'!A6)) -> 415155 | B5: =IF(ISBLANK('March 2015'!F6),"",IF(ISTEXT('March 2015'!F6),0,'March 2015'!F6)) -> 2490.62
A6: =IF(ISBLANK('March 2015'!A7),"",IF(ISTEXT('March 2015'!A7),0,'March 2015'!A7)) | B6: =IF(ISBLANK('March 2015'!F7),"",IF(ISTEXT('March 2015'!F7),0,'March 2015'!F7))
A7: =IF(ISBLANK('March 2015'!A8),"",IF(ISTEXT('March 2015'!A8),0,'March 2015'!A8)) | B7: =IF(ISBLANK('March 2015'!F8),"",IF(ISTEXT('March 2015'!F8),0,'March 2015'!F8))
A8: =IF(ISBLANK('March 2015'!A9),"",IF(ISTEXT('March 2015'!A9),0,'March 2015'!A9)) | B8: =IF(ISBLANK('March 2015'!F9),"",IF(ISTEXT('March 2015'!F9),0,'March 2015'!F9))
A9: =IF(ISBLANK('March 2015'!A10),"",IF(ISTEXT('March 2015'!A10),0,'March 2015'!A10)) | B9: =IF(ISBLANK('March 2015'!F10),"",IF(ISTEXT('March 2015'!F10),0,'March 2015'!F10))
A10: =IF(ISBLANK('March 2015'!A11),"",IF(ISTEXT('March 2015'!A11),0,'March 2015'!A11)) -> 415556 | B10: =IF(ISBLANK('March 2015'!F11),"",IF(ISTEXT('March 2015'!F11),0,'March 2015'!F11)) -> 1825.63
A11: =IF(ISBLANK('March 2015'!A12),"",IF(ISTEXT('March 2015'!A12),0,'March 2015'!A12)) | B11: =IF(ISBLANK('March 2015'!F12),"",IF(ISTEXT('March 2015'!F12),0,'March 2015'!F12))
A12: =IF(ISBLANK('March 2015'!A13),"",IF(ISTEXT('March 2015'!A13),0,'March 2015'!A13)) | B12: =IF(ISBLANK('March 2015'!F13),"",IF(ISTEXT('March 2015'!F13),0,'March 2015'!F13))
... A29: =IF(ISBLANK('March 2015'!A30),"",IF(ISTEXT('March 2015'!A30),0,'March 2015'!A30)) | B29: =IF(ISBLANK('March 2015'!F30),"",IF(ISTEXT('March 2015'!F30),0,'March 2015'!F30))
A30: =IF(ISBLANK('March 2015'!A34),"",IF(ISTEXT('March 2015'!A34),0,'March 2015'!A34)) -> 415156 | B30: =IF(ISBLANK('March 2015'!F34),"",IF(ISTEXT('March 2015'!F34),0,'March 2015'!F34)) -> 1233.6
A31: =IF(ISBLANK('March 2015'!A35),"",IF(ISTEXT('March 2015'!A35),0,'March 2015'!A35)) | B31: =IF(ISBLANK('March 2015'!F35),"",IF(ISTEXT('March 2015'!F35),0,'March 2015'!F35))
A32: =IF(ISBLANK('March 2015'!A36),"",IF(ISTEXT('March 2015'!A36),0,'March 2015'!A36)) | B32: =IF(ISBLANK('March 2015'!F36),"",IF(ISTEXT('March 2015'!F36),0,'March 2015'!F36)) -> 1561.24
A33: =IF(ISBLANK('March 2015'!A37),"",IF(ISTEXT('March 2015'!A37),0,'March 2015'!A37)) -> 415557 | B33: =IF(ISBLANK('March 2015'!F37),"",IF(ISTEXT('March 2015'!F37),0,'March 2015'!F37)) -> 9218.4
A34: =IF(ISBLANK('March 2015'!A38),"",IF(ISTEXT('March 2015'!A38),0,'March 2015'!A38)) -> 415954 | B34: =IF(ISBLANK('March 2015'!F38),"",IF(ISTEXT('March 2015'!F38),0,'March 2015'!F38)) -> 1089.84
A35: =IF(ISBLANK('March 2015'!A39),"",IF(ISTEXT('March 2015'!A39),0,'March 2015'!A39)) | B35: =IF(ISBLANK('March 2015'!F39),"",IF(ISTEXT('March 2015'!F39),0,'March 2015'!F39))
A36: =IF(ISBLANK('March 2015'!A40),"",IF(ISTEXT('March 2015'!A40),0,'March 2015'!A40)) | B36: =IF(ISBLANK('March 2015'!F40),"",IF(ISTEXT('March 2015'!F40),0,'March 2015'!F40))
A37: =IF(ISBLANK('March 2015'!A41),"",IF(ISTEXT('March 2015'!A41),0,'March 2015'!A41)) | B37: =IF(ISBLANK('March 2015'!F41),"",IF(ISTEXT('March 2015'!F41),0,'March 2015'!F41)) -> 78.9
A38: =IF(ISBLANK('March 2015'!A42),"",IF(ISTEXT('March 2015'!A42),0,'March 2015'!A42)) | B38: =IF(ISBLANK('March 2015'!F42),"",IF(ISTEXT('March 2015'!F42),0,'March 2015'!F42)) -> 246
A39: =IF(ISBLANK('March 2015'!A46),"",IF(ISTEXT('March 2015'!A46),0,'March 2015'!A46)) -> 415955 | B39: =IF(ISBLANK('March 2015'!F46),"",IF(ISTEXT('March 2015'!F46),0,'March 2015'!F46)) -> 1692
A40: =IF(ISBLANK('March 2015'!A50),"",IF(ISTEXT('March 2015'!A50),0,'March 2015'!A50)) -> 415956 | B40: =IF(ISBLANK('March 2015'!F50),"",IF(ISTEXT('March 2015'!F50),0,'March 2015'!F50)) -> 19.54
A41: =IF(ISBLANK('March 2015'!A54),"",IF(ISTEXT('March 2015'!A54),0,'March 2015'!A54)) -> 415957 | B41: =IF(ISBLANK('March 2015'!F54),"",IF(ISTEXT('March 2015'!F54),0,'March 2015'!F54)) -> 2034.38
A42: =IF(ISBLANK('March 2015'!A55),"",IF(ISTEXT('March 2015'!A55),0,'March 2015'!A55)) | B42: =IF(ISBLANK('March 2015'!F55),"",IF(ISTEXT('March 2015'!F55),0,'March 2015'!F55)) -> 8908.31
A43: =IF(ISBLANK('March 2015'!A56),"",IF(ISTEXT('March 2015'!A56),0,'March 2015'!A56)) | B43: =IF(ISBLANK('March 2015'!F56),"",IF(ISTEXT('March 2015'!F56),0,'March 2015'!F56))
A44: =IF(ISBLANK('March 2015'!A60),"",IF(ISTEXT('March 2015'!A60),0,'March 2015'!A60)) -> 415558 | B44: =IF(ISBLANK('March 2015'!F60),"",IF(ISTEXT('March 2015'!F60),0,'March 2015'!F60)) -> 2600
A45: =IF(ISBLANK('March 2015'!A61),"",IF(ISTEXT('March 2015'!A61),0,'March 2015'!A61)) -> 415958 | B45: =IF(ISBLANK('March 2015'!F61),"",IF(ISTEXT('March 2015'!F61),0,'March 2015'!F61)) -> 450
A46: =IF(ISBLANK('March 2015'!A62),"",IF(ISTEXT('March 2015'!A62),0,'March 2015'!A62)) | B46: =IF(ISBLANK('March 2015'!F62),"",IF(ISTEXT('March 2015'!F62),0,'March 2015'!F62)) -> 450
A47: =IF(ISBLANK('March 2015'!A66),"",IF(ISTEXT('March 2015'!A66),0,'March 2015'!A66)) -> 414736 | B47: =IF(ISBLANK('March 2015'!F66),"",IF(ISTEXT('March 2015'!F66),0,'March 2015'!F66)) -> 393.6
A48: =IF(ISBLANK('March 2015'!A67),"",IF(ISTEXT('March 2015'!A67),0,'March 2015'!A67)) | B48: =IF(ISBLANK('March 2015'!F67),"",IF(ISTEXT('March 2015'!F67),0,'March 2015'!F67)) -> 6396
A49: =IF(ISBLANK('March 2015'!A68),"",IF(ISTEXT('March 2015'!A68),0,'March 2015'!A68)) -> 415959 | B49: =IF(ISBLANK('March 2015'!F68),"",IF(ISTEXT('March 2015'!F68),0,'March 2015'!F68)) -> 319.8
A50: =IF(ISBLANK('March 2015'!A72),"",IF(ISTEXT('March 2015'!A72),0,'March 2015'!A72)) -> 415960 | B50: =IF(ISBLANK('March 2015'!F72),"",IF(ISTEXT('March 2015'!F72),0,'March 2015'!F72)) -> 40
A51: =IF(ISBLANK('March 2015'!A76),"",IF(ISTEXT('March 2015'!A76),0,'March 2015'!A76)) -> 415157 | B51: =IF(ISBLANK('March 2015'!F76),"",IF(ISTEXT('March 2015'!F76),0,'March 2015'!F76)) -> 634.95
A52: =IF(ISBLANK('March 2015'!A77),"",IF(ISTEXT('March 2015'!A77),0,'March 2015'!A77)) | B52: =IF(ISBLANK('March 2015'!F77),"",IF(ISTEXT('March 2015'!F77),0,'March 2015'!F77))
A53: =IF(ISBLANK('March 2015'!A78),"",IF(ISTEXT('March 2015'!A78),0,'March 2015'!A78)) | B53: =IF(ISBLANK('March 2015'!F78),"",IF(ISTEXT('March 2015'!F78),0,'March 2015'!F78))
A54: =IF(ISBLANK('March 2015'!A79),"",IF(ISTEXT('March 2015'!A79),0,'March 2015'!A79)) | B54: =IF(ISBLANK('March 2015'!F79),"",IF(ISTEXT('March 2015'!F79),0,'March 2015'!F79))
A55: =IF(ISBLANK('March 2015'!A80),"",IF(ISTEXT('March 2015'!A80),0,'March 2015'!A80)) | B55: =IF(ISBLANK('March 2015'!F80),"",IF(ISTEXT('March 2015'!F80),0,'March 2015'!F80))
A56: =IF(ISBLANK('March 2015'!A81),"",IF(ISTEXT('March 2015'!A81),0,'March 2015'!A81)) | B56: =IF(ISBLANK('March 2015'!F81),"",IF(ISTEXT('March 2015'!F81),0,'March 2015'!F81))
A57: =IF(ISBLANK('March 2015'!A82),"",IF(ISTEXT('March 2015'!A82),0,'March 2015'!A82)) | B57: =IF(ISBLANK('March 2015'!F82),"",IF(ISTEXT('March 2015'!F82),0,'March 2015'!F82)) -> 450
A58: =IF(ISBLANK('March 2015'!A83),"",IF(ISTEXT('March 2015'!A83),0,'March 2015'!A83)) -> 415961 | B58: =IF(ISBLANK('March 2015'!F83),"",IF(ISTEXT('March 2015'!F83),0,'March 2015'!F83)) -> 315
A59: =IF(ISBLANK('March 2015'!A84),"",IF(ISTEXT('March 2015'!A84),0,'March 2015'!A84)) | B59: =IF(ISBLANK('March 2015'!F84),"",IF(ISTEXT('March 2015'!F84),0,'March 2015'!F84))
A60: =IF(ISBLANK('March 2015'!A85),"",IF(ISTEXT('March 2015'!A85),0,'March 2015'!A85)) | B60: =IF(ISBLANK('March 2015'!F85),"",IF(ISTEXT('March 2015'!F85),0,'March 2015'!F85))
A61: =IF(ISBLANK('March 2015'!A89),"",IF(ISTEXT('March 2015'!A89),0,'March 2015'!A89)) -> 415962 | B61: =IF(ISBLANK('March 2015'!F89),"",IF(ISTEXT('March 2015'!F89),0,'March 2015'!F89)) -> 42.5
A62: =IF(ISBLANK('March 2015'!A93),"",IF(ISTEXT('March 2015'!A93),0,'March 2015'!A93)) -> 414737 | B62: =IF(ISBLANK('March 2015'!F93),"",IF(ISTEXT('March 2015'!F93),0,'March 2015'!F93)) -> 3376.01
A63: =IF(ISBLANK('March 2015'!A94),"",IF(ISTEXT('March 2015'!A94),0,'March 2015'!A94)) | B63: =IF(ISBLANK('March 2015'!F94),"",IF(ISTEXT('March 2015'!F94),0,'March 2015'!F94))
A64: =IF(ISBLANK('March 2015'!A95),"",IF(ISTEXT('March 2015'!A95),0,'March 2015'!A95)) | B64: =IF(ISBLANK('March 2015'!F95),"",IF(ISTEXT('March 2015'!F95),0,'March 2015'!F95)) -> 9222.89
A65: =IF(ISBLANK('March 2015'!A96),"",IF(ISTEXT('March 2015'!A96),0,'March 2015'!A96)) | B65: =IF(ISBLANK('March 2015'!F96),"",IF(ISTEXT('March 2015'!F96),0,'March 2015'!F96))
A66: =IF(ISBLANK('March 2015'!A97),"",IF(ISTEXT('March 2015'!A97),0,'March 2015'!A97)) | B66: =IF(ISBLANK('March 2015'!F97),"",IF(ISTEXT('March 2015'!F97),0,'March 2015'!F97))
A67: =IF(ISBLANK('March 2015'!A98),"",IF(ISTEXT('March 2015'!A98),0,'March 2015'!A98)) -> 415158 | B67: =IF(ISBLANK('March 2015'!F98),"",IF(ISTEXT('March 2015'!F98),0,'March 2015'!F98)) -> 82
A68: =IF(ISBLANK('March 2015'!A99),"",IF(ISTEXT('March 2015'!A99),0,'March 2015'!A99)) | B68: =IF(ISBLANK('March 2015'!F99),"",IF(ISTEXT('March 2015'!F99),0,'March 2015'!F99))
A69: =IF(ISBLANK('March 2015'!A100),"",IF(ISTEXT('March 2015'!A100),0,'March 2015'!A100)) -> 415559 | B69: =IF(ISBLANK('March 2015'!F100),"",IF(ISTEXT('March 2015'!F100),0,'March 2015'!F100)) -> 3412.08
A70: =IF(ISBLANK('March 2015'!A101),"",IF(ISTEXT('March 2015'!A101),0,'March 2015'!A101)) | B70: =IF(ISBLANK('March 2015'!F101),"",IF(ISTEXT('March 2015'!F101),0,'March 2015'!F101))
A71: =IF(ISBLANK('March 2015'!A102),"",IF(ISTEXT('March 2015'!A102),0,'March 2015'!A102)) | B71: =IF(ISBLANK('March 2015'!F102),"",IF(ISTEXT('March 2015'!F102),0,'March 2015'!F102)) -> 55
A72: =IF(ISBLANK('March 2015'!A103),"",IF(ISTEXT('March 2015'!A103),0,'March 2015'!A103)) -> 415963 | B72: =IF(ISBLANK('March 2015'!F103),"",IF(ISTEXT('March 2015'!F103),0,'March 2015'!F103)) -> 14207.19
A73: =IF(ISBLANK('March 2015'!A104),"",IF(ISTEXT('March 2015'!A104),0,'March 2015'!A104)) | B73: =IF(ISBLANK('March 2015'!F104),"",IF(ISTEXT('March 2015'!F104),0,'March 2015'!F104))
A74: =IF(ISBLANK('March 2015'!A105),"",IF(ISTEXT('March 2015'!A105),0,'March 2015'!A105)) | B74: =IF(ISBLANK('March 2015'!F105),"",IF(ISTEXT('March 2015'!F105),0,'March 2015'!F105))
A75: =IF(ISBLANK('March 2015'!A109),"",IF(ISTEXT('March 2015'!A109),0,'March 2015'!A109)) -> 414738 | B75: =IF(ISBLANK('March 2015'!F109),"",IF(ISTEXT('March 2015'!F109),0,'March 2015'!F109)) -> 230.58
A76: =IF(ISBLANK('March 2015'!A110),"",IF(ISTEXT('March 2015'!A110),0,'March 2015'!A110)) | B76: =IF(ISBLANK('March 2015'!F110),"",IF(ISTEXT('March 2015'!F110),0,'March 2015'!F110)) -> 33.59
A77: =IF(ISBLANK('March 2015'!A111),"",IF(ISTEXT('March 2015'!A111),0,'March 2015'!A111)) | B77: =IF(ISBLANK('March 2015'!F111),"",IF(ISTEXT('March 2015'!F111),0,'March 2015'!F111)) -> 58.32
A78: =IF(ISBLANK('March 2015'!A112),"",IF(ISTEXT('March 2015'!A112),0,'March 2015'!A112)) | B78: =IF(ISBLANK('March 2015'!F112),"",IF(ISTEXT('March 2015'!F112),0,'March 2015'!F112)) -> 184.5
A79: =IF(ISBLANK('March 2015'!A113),"",IF(ISTEXT('March 2015'!A113),0,'March 2015'!A113)) -> 415560 | B79: =IF(ISBLANK('March 2015'!F113),"",IF(ISTEXT('March 2015'!F113),0,'March 2015'!F113)) -> 98.44
A80: =IF(ISBLANK('March 2015'!A114),"",IF(ISTEXT('March 2015'!A114),0,'March 2015'!A114)) | B80: =IF(ISBLANK('March 2015'!F114),"",IF(ISTEXT('March 2015'!F114),0,'March 2015'!F114)) -> 51.32
A81: =IF(ISBLANK('March 2015'!A115),"",IF(ISTEXT('March 2015'!A115),0,'March 2015'!A115)) | B81: =IF(ISBLANK('March 2015'!F115),"",IF(ISTEXT('March 2015'!F115),0,'March 2015'!F115)) -> 41.4
A82: =IF(ISBLANK('March 2015'!A119),"",IF(ISTEXT('March 2015'!A119),0,'March 2015'!A119)) -> 414739 | B82: =IF(ISBLANK('March 2015'!F119),"",IF(ISTEXT('March 2015'!F119),0,'March 2015'!F119)) -> 12.34
A83: =IF(ISBLANK('March 2015'!A120),"",IF(ISTEXT('March 2015'!A120),0,'March 2015'!A120)) | B83: =IF(ISBLANK('March 2015'!F120),"",IF(ISTEXT('March 2015'!F120),0,'March 2015'!F120))
A84: =IF(ISBLANK('March 2015'!A121),"",IF(ISTEXT('March 2015'!A121),0,'March 2015'!A121)) | B84: =IF(ISBLANK('March 2015'!F121),"",IF(ISTEXT('March 2015'!F121),0,'March 2015'!F121)) -> 4.69
A85: =IF(ISBLANK('March 2015'!A122),"",IF(ISTEXT('March 2015'!A122),0,'March 2015'!A122)) | B85: =IF(ISBLANK('March 2015'!F122),"",IF(ISTEXT('March 2015'!F122),0,'March 2015'!F122)) -> 2.39
A86: =IF(ISBLANK('March 2015'!A123),"",IF(ISTEXT('March 2015'!A123),0,'March 2015'!A123)) -> 415159 | B86: =IF(ISBLANK('March 2015'!F123),"",IF(ISTEXT('March 2015'!F123),0,'March 2015'!F123)) -> 25.13
A87: =IF(ISBLANK('March 2015'!A124),"",IF(ISTEXT('March 2015'!A124),0,'March 2015'!A124)) | B87: =IF(ISBLANK('March 2015'!F124),"",IF(ISTEXT('March 2015'!F124),0,'March 2015'!F124))
A88: =IF(ISBLANK('March 2015'!A125),"",IF(ISTEXT('March 2015'!A125),0,'March 2015'!A125)) | B88: =IF(ISBLANK('March 2015'!F125),"",IF(ISTEXT('March 2015'!F125),0,'March 2015'!F125)) -> 200
A89: =IF(ISBLANK('March 2015'!A126),"",IF(ISTEXT('March 2015'!A126),0,'March 2015'!A126)) | B89: =IF(ISBLANK('March 2015'!F126),"",IF(ISTEXT('March 2015'!F126),0,'March 2015'!F126))
A90: =IF(ISBLANK('March 2015'!A127),"",IF(ISTEXT('March 2015'!A127),0,'March 2015'!A127)) -> 415160 | B90: =IF(ISBLANK('March 2015'!F127),"",IF(ISTEXT('March 2015'!F127),0,'March 2015'!F127)) -> 37.92
A91: =IF(ISBLANK('March 2015'!A128),"",IF(ISTEXT('March 2015'!A128),0,'March 2015'!A128)) | B91: =IF(ISBLANK('March 2015'!F128),"",IF(ISTEXT('March 2015'!F128),0,'March 2015'!F128))
A92: =IF(ISBLANK('March 2015'!A129),"",IF(ISTEXT('March 2015'!A129),0,'March 2015'!A129)) -> 415561 | B92: =IF(ISBLANK('March 2015'!F129),"",IF(ISTEXT('March 2015'!F129),0,'March 2015'!F129)) -> 5.58
A93: =IF(ISBLANK('March 2015'!A130),"",IF(ISTEXT('March 2015'!A130),0,'March 2015'!A130)) -> 415964 | B93: =IF(ISBLANK('March 2015'!F130),"",IF(ISTEXT('March 2015'!F130),0,'March 2015'!F130)) -> 72.14
... A97: =IF(ISBLANK('March 2015'!A134),"",IF(ISTEXT('March 2015'!A134),0,'March 2015'!A134)) | B97: =IF(ISBLANK('March 2015'!F134),"",IF(ISTEXT('March 2015'!F134),0,'March 2015'!F134)) -> 79.98
A98: =IF(ISBLANK('March 2015'!A138),"",IF(ISTEXT('March 2015'!A138),0,'March 2015'!A138)) -> 414740 | B98: =IF(ISBLANK('March 2015'!F138),"",IF(ISTEXT('March 2015'!F138),0,'March 2015'!F138)) -> 32.39
A99: =IF(ISBLANK('March 2015'!A139),"",IF(ISTEXT('March 2015'!A139),0,'March 2015'!A139)) | B99: =IF(ISBLANK('March 2015'!F139),"",IF(ISTEXT('March 2015'!F139),0,'March 2015'!F139)) -> 5177.57
A100: =IF(ISBLANK('March 2015'!A140),"",IF(ISTEXT('March 2015'!A140),0,'March 2015'!A140)) | B100: =IF(ISBLANK('March 2015'!F140),"",IF(ISTEXT('March 2015'!F140),0,'March 2015'!F140))
A101: =IF(ISBLANK('March 2015'!A141),"",IF(ISTEXT('March 2015'!A141),0,'March 2015'!A141)) | B101: =IF(ISBLANK('March 2015'!F141),"",IF(ISTEXT('March 2015'!F141),0,'March 2015'!F141))
A102: =IF(ISBLANK('March 2015'!A142),"",IF(ISTEXT('March 2015'!A142),0,'March 2015'!A142)) | B102: =IF(ISBLANK('March 2015'!F142),"",IF(ISTEXT('March 2015'!F142),0,'March 2015'!F142))
A103: =IF(ISBLANK('March 2015'!A143),"",IF(ISTEXT('March 2015'!A143),0,'March 2015'!A143)) | B103: =IF(ISBLANK('March 2015'!F143),"",IF(ISTEXT('March 2015'!F143),0,'March 2015'!F143))
A104: =IF(ISBLANK('March 2015'!A144),"",IF(ISTEXT('March 2015'!A144),0,'March 2015'!A144)) | B104: =IF(ISBLANK('March 2015'!F144),"",IF(ISTEXT('March 2015'!F144),0,'March 2015'!F144)) -> 996.36
A105: =IF(ISBLANK('March 2015'!A145),"",IF(ISTEXT('March 2015'!A145),0,'March 2015'!A145)) | B105: =IF(ISBLANK('March 2015'!F145),"",IF(ISTEXT('March 2015'!F145),0,'March 2015'!F145))
A106: =IF(ISBLANK('March 2015'!A146),"",IF(ISTEXT('March 2015'!A146),0,'March 2015'!A146)) | B106: =IF(ISBLANK('March 2015'!F146),"",IF(ISTEXT('March 2015'!F146),0,'March 2015'!F146))
A107: =IF(ISBLANK('March 2015'!A147),"",IF(ISTEXT('March 2015'!A147),0,'March 2015'!A147)) | B107: =IF(ISBLANK('March 2015'!F147),"",IF(ISTEXT('March 2015'!F147),0,'March 2015'!F147)) -> 714.67
A108: =IF(ISBLANK('March 2015'!A148),"",IF(ISTEXT('March 2015'!A148),0,'March 2015'!A148)) | B108: =IF(ISBLANK('March 2015'!F148),"",IF(ISTEXT('March 2015'!F148),0,'March 2015'!F148))
A109: =IF(ISBLANK('March 2015'!A149),"",IF(ISTEXT('March 2015'!A149),0,'March 2015'!A149)) | B109: =IF(ISBLANK('March 2015'!F149),"",IF(ISTEXT('March 2015'!F149),0,'March 2015'!F149))
... A136: =IF(ISBLANK('March 2015'!A176),"",IF(ISTEXT('March 2015'!A176),0,'March 2015'!A176)) | B136: =IF(ISBLANK('March 2015'!F176),"",IF(ISTEXT('March 2015'!F176),0,'March 2015'!F176))
A137: =IF(ISBLANK('March 2015'!A180),"",IF(ISTEXT('March 2015'!A180),0,'March 2015'!A180)) -> 414741 | B137: =IF(ISBLANK('March 2015'!F180),"",IF(ISTEXT('March 2015'!F180),0,'March 2015'!F180)) -> 2
A138: =IF(ISBLANK('March 2015'!A184),"",IF(ISTEXT('March 2015'!A184),0,'March 2015'!A184)) -> 414742 | B138: =IF(ISBLANK('March 2015'!F184),"",IF(ISTEXT('March 2015'!F184),0,'March 2015'!F184)) -> 274.91
A139: =IF(ISBLANK('March 2015'!A185),"",IF(ISTEXT('March 2015'!A185),0,'March 2015'!A185)) -> 415563 | B139: =IF(ISBLANK('March 2015'!F185),"",IF(ISTEXT('March 2015'!F185),0,'March 2015'!F185)) -> 84.64
A140: =IF(ISBLANK('March 2015'!A189),"",IF(ISTEXT('March 2015'!A189),0,'March 2015'!A189)) -> 414743 | B140: =IF(ISBLANK('March 2015'!F189),"",IF(ISTEXT('March 2015'!F189),0,'March 2015'!F189)) -> 13.36
A141: =IF(ISBLANK('March 2015'!A190),"",IF(ISTEXT('March 2015'!A190),0,'March 2015'!A190)) -> 415162 | B141: =IF(ISBLANK('March 2015'!F190),"",IF(ISTEXT('March 2015'!F190),0,'March 2015'!F190)) -> 45.75
A142: =IF(ISBLANK('March 2015'!A191),"",IF(ISTEXT('March 2015'!A191),0,'March 2015'!A191)) -> 415564 | B142: =IF(ISBLANK('March 2015'!F191),"",IF(ISTEXT('March 2015'!F191),0,'March 2015'!F191)) -> 284
A143: =IF(ISBLANK('March 2015'!A192),"",IF(ISTEXT('March 2015'!A192),0,'March 2015'!A192)) | B143: =IF(ISBLANK('March 2015'!F192),"",IF(ISTEXT('March 2015'!F192),0,'March 2015'!F192))
A144: =IF(ISBLANK('March 2015'!A193),"",IF(ISTEXT('March 2015'!A193),0,'March 2015'!A193)) | B144: =IF(ISBLANK('March 2015'!F193),"",IF(ISTEXT('March 2015'!F193),0,'March 2015'!F193))
A145: =IF(ISBLANK('March 2015'!A194),"",IF(ISTEXT('March 2015'!A194),0,'March 2015'!A194)) | B145: =IF(ISBLANK('March 2015'!F194),"",IF(ISTEXT('March 2015'!F194),0,'March 2015'!F194))
...
